Map: Galactic Process LE

Players

Nutts - Winner!

  • Race: Zerg Zerg
  • League: Silver

sensor

  • Race: Zerg Zerg
  • League: Silver

VOD

Have the link to the VOD?

Description

Time

  • Played on: Aug. 21, 2016, 11:40 a.m.
  • Length: 5:37
Show
View Real Time Build Order
Export as new Build Order

Nutts Zerg - Winner!

Build Orders: Pool First 

Get SALT Encoding   

  12  0:02  Drone  
  13  0:11  Drone  
  14  0:16  Overlord  
  14  0:34  Spawning Pool  
  13  0:37  Drone  
  14  0:44  Extractor  
  14  0:45  Drone  
  14  0:48  Drone  
  15  0:51  Drone  
  16  1:00  Drone  
  17  1:10  Drone  
  18  1:21  Queen  
  18  1:22  Overlord  
  20  1:35  Overlord  
  20  1:49  Zergling x2  
  20  1:52  Metabolic Boost  
  21  1:59  Roach Warren  
  20  2:02  Zergling x2  
  20  2:07  Zergling x2  
  22  2:15  Zergling x2  
  23  2:32  Zergling x8  
  27  2:42  Roach  
  29  2:51  Roach  
  31  3:01  Roach  
  31  3:02  Roach x2  
  31  3:04  Overlord  
  37  3:22  Hatchery  
  37  3:26  Roach x2  
  40  3:38  Roach  
  40  3:39  Roach  
  44  3:41  Roach  
  46  4:09  Overlord x3  
  39  5:01  Roach  
  39  5:02  Roach x8  
Show
View Real Time Build Order
Export as new Build Order

sensor Zerg 

Build Orders: Hatch First 

Get SALT Encoding   

  12  0:01  Drone  
  13  0:14  Overlord  
  13  0:18  Drone  
  14  0:36  Drone x2  
  14  0:37  Drone  
  17  1:01  Drone x2  
  19  1:07  Extractor, Hatchery  
  17  1:20  Spawning Pool  
  17  1:23  Drone  
  17  1:48  Drone x3  
  20  2:07  Queen  
  22  2:11  Overlord x2  
  22  2:23  Zergling x2  
  22  2:24  Evolution Chamber  
  22  2:29  Queen  
  24  2:31  Drone, Zergling x2  
  24  2:35  Zergling x2  
  27  2:45  Zergling x2  
  28  2:52  Roach Warren  
  28  2:56  Drone  
  28  2:57  Drone  
  29  3:01  Zergling x2  
  29  3:03  Drone  
  31  3:11  Zergling x2  
  32  3:14  Extractor  
  32  3:16  Metabolic Boost  
  31  3:20  Drone  
  32  3:35  Roach x2  
  32  3:36  Roach x2  
  32  3:38  Overlord  
  39  3:59  Drone x3  
  42  4:05  Overlord  
  42  4:15  Drone x2  
  42  4:16  Drone  
  45  4:18  Drone  
  46  4:38  Drone x3  
  48  4:42  Drone x4  
  48  4:45  Extractor  
  52  4:49  Roach  
  52  4:50  Roach  
  42  5:07  Spine Crawler  
  42  5:09  Spine Crawler  
  42  5:12  Spine Crawler x2  
Tags
 
Add a new tag
Caveats
  • Supply blocks, unpowered buildings, or Contaminate may cause inaccurate times.
  • Supply counts are checked every 10 seconds.